 Dungeon Crawl Stone Soup version 0.19.1-1-g22dce08 (webtiles) character file.

71372 Jynx the Scorcher (level 14, -28/68 HPs)
             Began as a Deep Elf Fire Elementalist on Jan 11, 2017.
             Was a High Priest of Vehumet.
             Killed from afar by Nikola (32 damage)
             ... with a chain lightning
             ... on level 1 of the Snake Pit.
             The game lasted 01:07:20 (26009 turns).

Jynx the Scorcher (Deep Elf Fire Elementalist)     Turns: 26009, Time: 01:07:21

Health: -28/68     AC: 10    Str:  5    XL:     14   Next: 97%
Magic:  16/36      EV: 13    Int: 29    God:    Vehumet [*****.]
Gold:   1997       SH:  2    Dex: 17    Spells: 5 memorised, 29 levels left

rFire  + + .     SeeInvis .     X - +1 trident "Kifeosac" {freeze, Int+3 Dex+2} (curse)
rCold  x . .     Gourm    .     x - +1 robe of Gluttony {*Slow rPois rF+}
rNeg   . . .     Faith    .     (no shield)
rPois  +         Spirit   .     Q - +2 helmet
rElec  .         Reflect  +     t - +0 cloak (curse)
rCorr  .         Harm     .     l - +2 pair of gloves
MR     +....                    (no boots)
Stlth  ++........               D - +2 amulet of reflection
                                d - ring of fire
                                n - ring of poison resistance

@: no status effects
A: no striking features
a: Renounce Religion


You were on level 1 of the Snake Pit.
You worshipped Vehumet.
Vehumet was extremely pleased with you.
You were not hungry.

You visited 5 branches of the dungeon, and saw 22 of its levels.

You collected 2168 gold pieces.
You spent 171 gold pieces at shops.

Inventory:

Hand Weapons
 B - the +7 falchion of Slime {slice, rPois rC+ Dex-4}
   (You found it on level 7 of the Dungeon)

   It inflicts extra damage upon your enemies.
   It affects your dexterity (-4).
   It protects you from cold.
   It protects you from poison.
 X - the cursed +1 trident "Kifeosac" (weapon) {freeze, Int+3 Dex+2}
   (You found it on level 5 of the Lair of Beasts)

   It has been specially enchanted to freeze those struck by it, causing extra
   injury to most foes and up to half again as much damage against particularly
   susceptible opponents.
   It can also slow down cold-blooded creatures.
   It affects your intelligence (+3).
   It affects your dexterity (+2).
   It has a curse placed upon it.
Armour
 l - a +2 pair of gloves (worn)
 t - a cursed +0 cloak (worn)
 x - the +1 robe of Gluttony (worn) {*Slow rPois rF+}
   (You bought it in a shop on level 8 of the Dungeon)

   It protects you from fire.
   It protects you from poison.
   It may slow you when you take damage.
 Q - a +2 helmet (worn)
Jewellery
 d - a ring of fire (right hand)
 j - the ring "Hyxtimyu" {*Tele Dex+3 Stlth+}
   (You found it on level 1 of the Snake Pit)

   [ring of teleportation]

   It may teleport you next to monsters.
   It affects your dexterity (+3).
   It makes you more stealthy.
 n - a ring of poison resistance (left hand)
 q - a +2 ring of dexterity
 v - an uncursed ring of protection from fire
 D - a +2 amulet of reflection (around neck)
 U - an uncursed ring of resist corrosion
Wands
 f - a wand of iceblast (7/15)
 y - a wand of lightning (10/15)
 C - a wand of heal wounds (6/9)
 F - a wand of enslavement (11/24)
 J - a wand of teleportation (0/9)
 O - a wand of iceblast (7/15)
 P - a wand of iceblast (4/15)
 S - a wand of paralysis (10/24)
 T - a wand of digging (9/24)
 W - a wand of hasting (4/9)
Scrolls
 m - 12 scrolls of remove curse
 o - a scroll of teleportation
 s - 3 scrolls of magic mapping
 u - 4 scrolls of enchant armour
 w - 6 scrolls of enchant weapon
 z - 2 scrolls of amnesia
 E - a scroll of identify
 H - a scroll of fog
Potions
 a - 2 potions of haste
 e - 10 potions of curing
 h - 7 potions of agility
 i - 4 potions of heal wounds
 p - 2 potions of cancellation
 r - 3 potions of mutation
 A - a potion of berserk rage
 K - 2 potions of magic
 L - 2 potions of invisibility
 M - a potion of brilliance
 R - a potion of flight {unknown}
 V - a potion of cure mutation {unknown}
Books
 b - a book of Flames

   Spells                             Type                      Level
   a - Flame Tongue                   Conjuration/Fire             1
   b - Throw Flame                    Conjuration/Fire             2
   c - Conjure Flame                  Conjuration/Fire             3
   d - Inner Flame                    Hexes/Fire                   3
   e - Sticky Flame                   Conjuration/Fire             4
   f - Fireball                       Conjuration/Fire             5
 G - a book of Cantrips

   Spells                             Type                      Level
   a - Confusing Touch                Hexes                        1
   b - Animate Skeleton               Necromancy                   1
   c - Summon Small Mammal            Summoning                    1
   d - Apportation                    Translocation                1
 N - the Guide on Malediction
   (You found it on level 11 of the Dungeon)

   Spells                             Type                      Level
   a - Ensorcelled Hibernation        Hexes/Ice                    2
   b - Fulminant Prism                Conjuration/Hexes            4
   c - Leda's Liquefaction            Hexes/Earth                  4
   d - Cause Fear                     Hexes                        4
   e - Yara's Violent Unravelling     Hexes/Transmutation          5
Comestibles
 c - 24 bread rations
 g - 6 meat rations
 k - 28 fruits
 I - 2 royal jellies
 Y - 2 slices of pizza
 Z - a beef jerky


   Skills:
 - Level 2.4 Dodging
 - Level 2.4 Stealth
 + Level 16.8 Spellcasting
 + Level 14.0 Conjurations
 * Level 19.5 Fire Magic


You had 29 spell levels left.
You knew the following spells:

 Your Spells              Type           Power        Failure   Level  Hunger
a - Flame Tongue          Conj/Fire      #####        0%          1    None
b - Conjure Flame         Conj/Fire      ########     0%          3    None
c - Sticky Flame          Conj/Fire      ########     1%          4    None
d - Fireball              Conj/Fire      ########..   1%          5    None
e - Iskenderun's Mystic   Conj           #######.     1%          4    None


Dungeon Overview and Level Annotations

Branches:
Dungeon (12/15)            Temple (1/1) D:4            Lair (6/6) D:11
 Shoals (0/4) Lair:4        Snake (1/4) Lair:3        Slime (0/5) Lair:6
    Orc (2/2) D:9             Elf (0/3) Orc:2

Altars:
Ashenzari
Cheibriados
Dithmenos
Elyvilon
Gozag
Hepliaklqana
Kikubaaqudgha
Makhleb
Nemelex Xobeh
Okawaru
Qazlal
Ru
Sif Muna
Trog
Uskayaw
Vehumet
Xom
Yredelemnul
Zin
The Shining One

Shops:
D:8 [   D:9 (   Orc:2 ?(!}   Snake:1 *

Portals:
Pandemonium: Orc:2


Message History

You feel a surge of power!
The fireball explodes!
The fireball engulfs Nikola.
Nikola is severely wounded.
Nikola points at you and mumbles some strange words.
The zap hits you!
* * * LOW HITPOINT WARNING * * *
Casting: Fireball
Confirm with . or Enter, or press ? or * to list all spells.
Aiming: Fireball
Press: ? - help, Shift-Dir - straight line, f/p - Nikola
Aim: Nikola, wielding a rapier of electrocution, wearing a cloak and wearing a pair of gloves (severely wounded)
You feel a surge of power!
The fireball explodes!
The fireball engulfs Nikola.
Nikola is almost dead.
Nikola says, "You don't look like a good insulator."
Nikola casts a spell.
You hear a mighty clap of thunder!
The lightning arc hits the anaconda.
The lightning arc hits Nikola.
Nikola dies!
Your Conjurations skill increases to level 14!
The lightning arc hits you!
You die...

####..<...# #..##
##....## #.[.#
###### #...# ##...#
##....# ##....## #
##....## # ##.>..##
#############...@##
....#.....#..##...#
...............##.#
.............###
.). ##############
#.S. #..# #.. #..


You could see an anaconda.

Vanquished Creatures
  An orc warlord (Orc:2)
  8 hydras
  A naga warrior (Snake:1)
  5 death yaks (Lair:4)
  An anaconda (Snake:1)
  2 naga sharpshooters (Snake:1)
  7 orc high priests (Orc:2)
  A deep elf knight (Orc:2)
  An unseen horror (D:12)
  An infernal demonspawn (Orc:2)
  A necromancer (Lair:5)
  Pikel (D:5)
  9 orc knights
  2 hill giants (D:10)
  6 orc sorcerers (Orc:2)
  2 wolf spiders (Lair:6)
  A salamander (Snake:1)
  11 elephants
  A guardian serpent (Lair:6)
  10 black mambas
  An orange demon (Orc:2)
  A naga mage (Snake:1)
  15 spiny frogs
  A kobold demonologist (D:12)
  A rime drake (Lair:2)
  6 komodo dragons
  An ice devil (Orc:2)
  A red devil (Orc:2)
  The ghost of Tagedieb the Covert, an amateur NaAs (D:4)
  2 merfolk (Lair:4)
  2 trolls (Orc:2)
  A polar bear (Lair:6)
  4 hornets (Lair:6)
  A two-headed ogre (D:7)
  4 hippogriffs
  A redback (Lair:6)
  A vampire (D:12)
  A spriggan (D:9)
  A wraith (D:12)
  10 wyverns
  19 yaks
  3 basilisks
  The ghost of TheTruth the Chiller, an amateur HuIE of Okawaru (D:5)
  A chaos spawn (Orc:2)
  9 wargs
  A naga (Snake:1)
  23 water moccasins
  10 porcupines
  39 orc warriors
  2 phantoms
  2 ice beasts
  2 sky beasts
  2 necrophages (D:11)
  An eye of draining (D:10)
  13 wolves
  10 ogres
  15 centaurs
  18 crocodiles
  14 bullfrogs
  5 big kobolds
  A gnoll sergeant (Orc:1)
  2 scorpions
  A water moccasin skeleton (D:9)
  6 killer bees
  4 electric eels
  A bullfrog zombie (D:5)
  2 centaur zombies
  A crimson imp (D:6)
  25 orc priests
  6 hounds
  6 jellies
  31 orc wizards
  A bullfrog skeleton (D:7)
  4 iguanas
  Natasha (twice) (D:2)
  A yak simulacrum (Lair:5)
  10 worker ants
  6 polar bear simulacra (Lair:5)
  2 wolf simulacra (Lair:5)
  A killer bee zombie (D:5)
  A worker ant zombie (D:7)
  16 gnolls
  21 adders
  2 shadow imps
  3 oozes (Lair:6)
  An adder zombie (D:5)
  2 worms (D:2)
  5 leopard geckos
  95 orcs
  3 bats
  7 giant cockroaches
  5 hobgoblins
  12 jackals
  32 kobolds
  6 quokkas
  7 ball pythons
  A frilled lizard (D:4)
  5 goblins
  A leopard gecko skeleton (D:4)
  A quokka skeleton (D:4)
  9 rats
  2 river rat simulacra (Lair:5)
  A bush (Lair:3)
  6 fungi
  A plant (Lair:6)
676 creatures vanquished.

Vanquished Creatures (others)
  Nikola (Snake:1)
  An orc wizard (D:5)
  A leopard gecko (D:5)
  4 orcs
  A bush (Lair:6)
  A butterfly (Lair:6)
  22 fungi
  18 plants
49 creatures vanquished.

Grand Total: 725 creatures vanquished

Notes
Turn   | Place    | Note
-------+----------+-------------------------------------------
     0 | D:1      | Jynx the Deep Elf Fire Elementalist began the quest for the Orb.
     0 | D:1      | Reached XP level 1. HP: 10/10 MP: 6/6
   314 | D:1      | Reached XP level 2. HP: 15/15 MP: 4/8
   879 | D:2      | Noticed Natasha
   987 | D:2      | Killed Natasha
   987 | D:2      | Reached skill level 4 in Fire Magic
   987 | D:2      | Reached XP level 3. HP: 19/19 MP: 4/10
   992 | D:2      | Learned a level 3 spell: Conjure Flame
   998 | D:2      | Noticed Natasha
  1029 | D:2      | Killed Natasha
  1029 | D:2      | Reached XP level 4. HP: 9/24 MP: 0/12
  2075 | D:3      | Reached XP level 5. HP: 27/28 MP: 9/13
  2137 | D:3      | Reached skill level 5 in Fire Magic
  2707 | D:4      | Found a staircase to the Ecumenical Temple.
  2713 | Temple   | Entered the Ecumenical Temple
  2812 | Temple   | Became a worshipper of Vehumet
  2924 | D:4      | Noticed an ogre
  2956 | D:4      | Killed an ogre
  3090 | D:4      | Noticed Tagedieb's ghost (amateur NaAs)
  3101 | D:4      | Killed Tagedieb's ghost
  3101 | D:4      | Reached skill level 5 in Spellcasting
  3101 | D:4      | Reached skill level 6 in Fire Magic
  3101 | D:4      | Reached XP level 6. HP: 25/32 MP: 3/16
  3192 | D:4      | Found a snail-covered altar of Cheibriados.
  3542 | D:4      | Reached XP level 7. HP: 33/36 MP: 9/17
  3561 | D:4      | Learned a level 4 spell: Sticky Flame
  3567 | D:4      | Learned a level 5 spell: Fireball
  3713 | D:5      | Entered Level 5 of the Dungeon
  3743 | D:5      | Noticed TheTruth's ghost (amateur HuIE)
  3868 | D:5      | Reached skill level 7 in Fire Magic
  4028 | D:5      | Killed TheTruth's ghost
  4377 | D:5      | Noticed Pikel
  4390 | D:5      | Killed Pikel
  4390 | D:5      | Reached skill level 5 in Conjurations
  4390 | D:5      | Reached skill level 8 in Fire Magic
  4390 | D:5      | Reached XP level 8. HP: 41/41 MP: 6/21
  4869 | D:6      | Reached * piety under Vehumet
  4869 | D:6      | Offered knowledge of Shock by Vehumet.
  4953 | D:6      | Reached skill level 9 in Fire Magic
  5380 | D:6      | Found a shadowy altar of Dithmenos.
  6098 | D:7      | Got a translucent falchion
  6099 | D:7      | Identified the +7 falchion of Slime {slice, rPois rC+ Dex-4} (You found it on level 7 of the Dungeon)
  6252 | D:7      | Offered knowledge of Sandblast by Vehumet.
  6252 | D:7      | Reached XP level 9. HP: 25/45 MP: 4/23
  6494 | D:7      | Reached ** piety under Vehumet
  6662 | D:7      | Reached skill level 10 in Fire Magic
  7309 | D:8      | Found a deep blue altar of Sif Muna.
  7600 | D:8      | Found a glowing golden altar of the Shining One.
  7769 | D:8      | Reached skill level 11 in Fire Magic
  8075 | D:8      | Found Ogotuowo's Antique Armour Emporium.
  8083 | D:8      | Bought a crude robe for 171 gold pieces
  8093 | D:8      | Identified the +1 robe of Gluttony {*Slow rPois rF+} (You bought it in a shop on level 8 of the Dungeon)
  8250 | D:9      | Offered knowledge of Ignite Poison by Vehumet.
  8443 | D:9      | Found a glowing silver altar of Zin.
  8527 | D:9      | Reached *** piety under Vehumet
  8738 | D:9      | Found a staircase to the Orcish Mines.
  8740 | D:9      | Found Noutoteg's Weapon Boutique.
  8825 | D:9      | Reached XP level 10. HP: 50/50 MP: 20/25
  8877 | D:9      | Reached skill level 10 in Spellcasting
  9009 | D:9      | Found a hide-covered altar of Uskayaw.
  9151 | D:10     | Entered Level 10 of the Dungeon
  9404 | D:10     | Noticed a hill giant
  9412 | D:10     | Killed a hill giant
  9412 | D:10     | Reached skill level 12 in Fire Magic
  9761 | D:10     | Offered knowledge of Throw Icicle by Vehumet.
 10176 | D:11     | Noticed a hill giant
 10582 | D:10     | Killed a hill giant
 10688 | D:11     | Noticed an elephant
 10711 | D:10     | Killed an elephant
 11229 | D:11     | Found a staircase to the Lair.
 11363 | D:11     | Identified the Guide on Malediction
 11417 | D:11     | Reached skill level 13 in Fire Magic
 11691 | D:11     | Reached **** piety under Vehumet
 12034 | D:12     | Noticed an unseen horror
 12037 | D:12     | Killed an unseen horror
 12037 | D:12     | Reached XP level 11. HP: 24/54 MP: 13/28
 12245 | D:12     | Found a sacrificial altar of Ru.
 12289 | D:12     | Offered knowledge of Airstrike by Vehumet.
 12566 | Lair:1   | Entered Level 1 of the Lair of Beasts
 12792 | Lair:1   | Noticed a seven-headed hydra
 12795 | Lair:1   | Killed a seven-headed hydra
 13358 | Lair:2   | Reached skill level 14 in Fire Magic
 13562 | Lair:2   | Reached skill level 10 in Conjurations
 14464 | Lair:3   | Noticed a five-headed hydra
 14468 | Lair:3   | Killed a five-headed hydra
 14468 | Lair:3   | Reached XP level 12. HP: 59/59 MP: 6/30
 14601 | Lair:3   | Found a staircase to the Snake Pit.
 14707 | Lair:3   | Reached skill level 15 in Fire Magic
 14946 | Lair:3   | Reached ***** piety under Vehumet
 14961 | Lair:3   | Offered knowledge of Bolt of Magma by Vehumet.
 15388 | Lair:4   | Noticed a death yak
 15389 | Lair:4   | Noticed a four-headed hydra
 15537 | Lair:3   | Killed a four-headed hydra
 15648 | Lair:4   | Noticed a death yak
 15655 | Lair:4   | Noticed a death yak
 16368 | Lair:4   | Noticed a death yak
 16389 | Lair:4   | Noticed a death yak
 16637 | Lair:4   | Reached skill level 16 in Fire Magic
 16902 | Lair:4   | Killed a death yak
 16903 | Lair:4   | Killed a death yak
 16905 | Lair:4   | Killed a death yak
 16915 | Lair:4   | Killed a death yak
 16915 | Lair:4   | Killed a death yak
 17240 | Lair:4   | Found a staircase to the Shoals.
 17243 | Lair:4   | Reached XP level 13. HP: 54/63 MP: 21/33
 17889 | Lair:5   | Got a fine trident
 17890 | Lair:5   | Identified the cursed +1 trident "Kifeosac" {freeze, Int+3 Dex+2} (You found it on level 5 of the Lair of Beasts)
 17920 | Lair:5   | Found a dark tunnel.
 18725 | Lair:6   | Entered Level 6 of the Lair of Beasts
 18800 | Lair:6   | Reached skill level 17 in Fire Magic
 19045 | Lair:6   | Offered knowledge of Iskenderun's Mystic Blast by Vehumet.
 19340 | Lair:6   | Reached skill level 15 in Spellcasting
 20374 | Lair:6   | Reached skill level 18 in Fire Magic
 20700 | Lair:6   | Found a staircase to the Slime Pits.
 20945 | Orc:1    | Entered Level 1 of the Orcish Mines
 21346 | D:9      | Learned a level 4 spell: Iskenderun's Mystic Blast
 21351 | Orc:1    | Reached XP level 14. HP: 9/68 MP: 24/35
 21418 | Orc:1    | Offered knowledge of Spellforged Servitor by Vehumet.
 21729 | Orc:2    | Entered Level 2 of the Orcish Mines
 21888 | Orc:2    | Found a staircase to the Elven Halls.
 22842 | Orc:2    | Found Tenolex's Magic Scroll Shoppe.
 22844 | Orc:2    | Found Deoneg's Distillery.
 23059 | Orc:2    | Offered knowledge of Bolt of Fire by Vehumet.
 23085 | Orc:2    | Noticed an orc warlord
 23252 | Orc:2    | Killed an orc warlord
 24183 | Orc:2    | Reached skill level 19 in Fire Magic
 24574 | Orc:2    | Found Xeaj's Antique Weapon Boutique.
 24574 | Orc:2    | Found Vaobb's Gadget Shop.
 24574 | Orc:2    | Found a one-way gate leading to the halls of Pandemonium.
 25188 | Orc:1    | Offered knowledge of Freezing Cloud by Vehumet.
 25546 | Snake:1  | Entered Level 1 of the Snake Pit
 25546 | Snake:1  | Found Suan's Assorted Antiques.
 25644 | Snake:1  | Got a warped amber ring
 25646 | Snake:1  | Identified the ring "Hyxtimyu" {*Tele Dex+3 Stlth+} (You found it on level 1 of the Snake Pit)
 26004 | Snake:1  | Noticed Nikola
 26009 | Snake:1  | Killed Nikola
 26009 | Snake:1  | Killed from afar by Nikola

Skill      XL: |  1  2  3  4  5  6  7  8  9 10 11 12 13 14 |
---------------+-------------------------------------------+-----
Spellcasting   | 4 5 7 8 9 11 12 14 15 16 | 16.8
Fire Magic     | 4 6 8 9 11 13 14 16 18 19 | 19.5
Conjurations   | 2 3 4 5 6 7 9 10 11 12 14 | 14.0
Dodging        | |  2.4
Stealth        | |  2.4

Action                   |  1- 3 |  4- 6 |  7- 9 | 10-12 | 13-15 || total
-------------------------+-------+-------+-------+-------+-------++-------
Melee: Unarmed           |     4 |       |       |       |       ||     4
       Trident           |       |       |    39 |       |     3 ||    42
       Falchion          |       |       |     2 |    12 |       ||    14
 Cast: Flame Tongue      |    52 |   110 |   262 |   300 |   253 ||   977
       Conjure Flame     |       |     2 |    10 |     2 |       ||    14
       Sticky Flame      |       |       |    12 |    37 |    24 ||    73
       Fireball          |       |       |     8 |   105 |   239 ||   352
       Iskenderun's Myst |       |       |       |       |    26 ||    26
Evoke: Wand              |       |       |       |       |     2 ||     2
  Use: Scroll            |       |     6 |     5 |    13 |    15 ||    39
       Potion            |       |       |     2 |       |     1 ||     3
  Eat: Chunk             |       |     8 |    15 |    29 |    23 ||    75
       Fruit             |       |       |     1 |     1 |     3 ||     5
       Pizza             |       |       |     1 |       |       ||     1
       Beef jerky        |       |       |       |     2 |     2 ||     4
Armor: Robe              |     7 |     7 |    45 |    23 |    28 ||   110
Dodge: Dodged            |    19 |    19 |    90 |    66 |    80 ||   274
Block: Other             |       |       |       |     5 |     6 ||    11
       Reflection        |       |       |       |     1 |     2 ||     3
       Rpst.: Falchion   |       |       |    14 |    14 |       ||    28
